 Dungeon Crawl Stone Soup version 0.20-a0-465-g6513c8f (webtiles) character file.

2734 Ijustatesigmund the Conjurer (level 9, -10/78 HPs)
             Began as a Naga Wizard on Jan 12, 2017.
             Was a Follower of Cheibriados.
             Mangled by Duffy's ghost (12 damage)
             ... on level 7 of the Dungeon.
             The game lasted 00:24:15 (6622 turns).

Ijustatesigmund the Conjurer (Naga Wizard)          Turns: 6622, Time: 00:24:16

Health: -10/78     AC:  7    Str: 13    XL:     9   Next: 67%
Magic:  5/25       EV: 10    Int: 23    God:    Cheibriados [*.....]
Gold:   353        SH:  0    Dex: 19    Spells: 7/18 levels left

rFire  . . .     SeeInvis +     x - +0 morningstar (holy)
rCold  . . .     Gourm    .     a - +0 robe
rNeg   . . .     Faith    .     (no shield)
rPois  +         Spirit   .     b - +0 hat
rElec  .         Reflect  .     (no cloak)
rCorr  .         Harm     .     v - +2 pair of gloves of the Leaf {Regen+}
MR     +....                    (no barding)
Stlth  +++.......               (no amulet)
                                l - ring of magical power
                                r - +5 ring of dexterity

@: flying, very slightly contaminated, hasted, repel missiles, very slow
A: see invisible, deformed body, poison resistance, slowness 2, slow metabolism
1, spit poison 1, AC +3
a: Spit Poison, Bend Time, Renounce Religion


You were on level 7 of the Dungeon.
You worshipped Cheibriados.
Cheibriados was aware of your devotion.
You were not hungry.

You visited 1 branch of the dungeon, and saw 7 of its levels.

You collected 353 gold pieces.

Inventory:

Hand Weapons
 g - a +1 whip
 x - a +0 morningstar of holy wrath (weapon)
Missiles
 k - 3 throwing nets (quivered)
Armour
 a - a +0 robe (worn)
 b - a +0 hat (worn)
 v - the +2 pair of gloves of the Leaf (worn) {Regen+}
   (You found it on level 4 of the Dungeon)

   It increases your rate of regeneration.
Jewellery
 h - an uncursed ring of protection from magic
 l - a ring of magical power (right hand)
 r - a +5 ring of dexterity (left hand)
Wands
 f - a wand of lightning (0/15)
 m - a wand of digging (9/24)
 D - a wand of iceblast (7/15)
Scrolls
 o - 2 scrolls of remove curse
 s - 2 scrolls of identify
 C - 2 scrolls of fear
Potions
 e - a potion of resistance
 i - a potion of berserk rage
 j - a potion of lignification
 n - a potion of magic {unknown}
 p - a potion of cure mutation
 q - 2 potions of curing
 t - a potion of cancellation {unknown}
 u - a potion of might {unknown}
 B - a potion of heal wounds {unknown}
 E - a potion of haste
Books
 c - a book of Minor Magic

   Spells                             Type                      Level
   a - Magic Dart                     Conjuration                  1
   b - Blink                          Translocation                2
   c - Call Imp                       Summoning                    2
   d - Repel Missiles                 Charms/Air                   2
   e - Slow                           Hexes                        2
   f - Conjure Flame                  Conjuration/Fire             3
   g - Mephitic Cloud                 Conjuration/Poison/Air       3
Comestibles
 d - a bread ration
 w - a meat ration


   Skills:
 - Level 4.1 Fighting
 - Level 4.8 Maces & Flails
 - Level 1.5 Dodging
 - Level 3.0 Stealth
 - Level 5.0 Spellcasting
 + Level 6.5 Conjurations
   Level 1.0 Summonings
 - Level 5.5 Translocations
 - Level 2.4 Air Magic
 - Level 2.0 Poison Magic
 + Level 4.5 Invocations


You had 7 spell levels left.
You knew the following spells:

 Your Spells              Type           Power        Failure   Level  Hunger
a - Magic Dart            Conj           ####         1%          1    None
b - Blink                 Tloc           N/A          1%          2    None
c - Repel Missiles        Chrm/Air       ##....       12%         2    None
d - Mephitic Cloud        Conj/Pois/Air  ###.....     10%         3    ##.....
e - Conjure Flame         Conj/Fire      ###.....     10%         3    ##.....


Dungeon Overview and Level Annotations

Branches:
Dungeon (7/15)             Temple (0/1) D:6

Altars:
Cheibriados
Kikubaaqudgha
Qazlal
Sif Muna
The Shining One

Annotations:
D:7 Duffy's ghost, novice DgFE


Innate Abilities, Weirdness & Mutations

You cannot wear boots.
Your serpentine skin is tough. (AC +3)
You have supernaturally acute eyesight. (SInv)
Armour fits poorly on your strangely shaped body.
Your system is resistant to poisons. (rPois)
You cover ground very slowly.
You have a slow metabolism.
You can spit poison.


Message History

Duffy's ghost barely misses you.
You barely miss Duffy's ghost.
Duffy's ghost is heavily damaged.
You puncture Duffy's ghost!
Duffy's ghost convulses!
Duffy's ghost is almost destroyed.
Duffy's ghost points at you and mumbles some strange words.
The flame tongue hits you!
* * * LOW HITPOINT WARNING * * *
You hit Duffy's ghost but do no damage.
Duffy's ghost is almost destroyed.
Duffy's ghost hits you.
* * * LOW HITPOINT WARNING * * *
It was a potion of flight.
You feel very buoyant.
You fly up into the air.
Duffy's ghost hits you.
* * * LOW HITPOINT WARNING * * *
You hit Duffy's ghost.
Duffy's ghost convulses.
Duffy's ghost is almost destroyed.
Duffy's ghost hits you!
You die...

#...............#
####.............#.#######
...(.....................<.
#####....†.................
..........................
###...##..................
##.....)#..#...#..#.....
#.#.....[##.#..........
#.....##.W@................
#.#####...#####............
#((...# #....####......
#(...####.##.###..####.
#.##.#.................
..).....#...#......#####
......###..###...####
...)##..........#.# # .)..
.....#######.## ####


You could see Duffy's ghost.

Vanquished Creatures
  Grinder (D:6)
  Prince Ribbit (D:6)
  A hippogriff (D:7)
  Eustachio (D:6)
  A hungry ghost (D:7)
  Duvessa (D:6)
  3 ice beasts
  A phantom (D:7)
  2 ogres
  2 centaurs (D:5)
  A big kobold (D:7)
  3 bullfrogs
  Dowan (D:6)
  A water moccasin zombie (D:6)
  A scorpion (D:7)
  A water moccasin skeleton (D:6)
  2 crimson imps
  A centaur zombie (D:6)
  2 hounds
  A gnoll shaman (D:5)
  A bullfrog skeleton (D:5)
  Jessica (D:2)
  Ijyb (D:3)
  A hound zombie (D:6)
  A hound skeleton (D:4)
  7 gnolls (D:5)
  7 adders
  A howler monkey skeleton (D:6)
  A river rat (D:5)
  2 oozes
  3 worms
  5 dart slugs
  3 leopard geckos
  10 orcs
  2 ball pythons
  9 giant cockroaches
  5 goblins
  8 hobgoblins
  2 jackals (D:2)
  12 kobolds
  3 quokkas (D:3)
  11 bats
  5 frilled lizards
  A quokka zombie (D:5)
  40 rats
170 creatures vanquished.

Vanquished Creatures (others)
  A kobold (D:7)
1 creature vanquished.

Grand Total: 171 creatures vanquished

Notes
Turn   | Place    | Note
-------+----------+-------------------------------------------
     0 | D:1      | Ijustatesigmund the Naga Wizard began the quest for the Orb.
     0 | D:1      | Reached XP level 1. HP: 15/15 MP: 4/4
   477 | D:1      | Reached skill level 2 in Conjurations
   477 | D:1      | Reached XP level 2. HP: 21/22 MP: 3/6
   579 | D:1      | Learned a level 2 spell: Blink
   582 | D:1      | Learned a level 2 spell: Repel Missiles
  1018 | D:1      | Reached XP level 3. HP: 26/28 MP: 1/7
  1122 | D:1      | Reached skill level 3 in Conjurations
  1705 | D:2      | Noticed Jessica
  1709 | D:2      | Killed Jessica
  1709 | D:2      | Reached skill level 1 in Maces & Flails
  1709 | D:2      | Reached XP level 4. HP: 32/36 MP: 2/8
  2052 | D:2      | Found a deep blue altar of Sif Muna.
  2538 | D:3      | Reached XP level 5. HP: 33/42 MP: 6/9
  2562 | D:3      | Learned a level 3 spell: Mephitic Cloud
  2782 | D:3      | Reached skill level 4 in Conjurations
  2949 | D:3      | Reached skill level 1 in Poison Magic
  3204 | D:3      | Noticed Ijyb
  3221 | D:3      | Killed Ijyb
  3221 | D:3      | Reached skill level 1 in Air Magic
  4001 | D:4      | Noticed an ogre
  4009 | D:4      | Killed an ogre
  4009 | D:4      | Reached XP level 6. HP: 49/49 MP: 9/10
  4253 | D:4      | Found an ancient bone altar of Kikubaaqudgha.
  4328 | D:4      | Got a pair of faintly humming gloves
  4334 | D:4      | Identified the +2 pair of gloves of the Leaf {Regen+} (You found it on level 4 of the Dungeon)
  4345 | D:4      | Learned a level 3 spell: Conjure Flame
  4351 | D:5      | Entered Level 5 of the Dungeon
  4407 | D:5      | Found a snail-covered altar of Cheibriados.
  4457 | D:5      | Reached XP level 7. HP: 55/55 MP: 11/11
  4907 | D:5      | Found a glowing golden altar of the Shining One.
  4951 | D:5      | Reached skill level 5 in Translocations
  5185 | D:6      | Found a staircase to the Ecumenical Temple.
  5185 | D:6      | Found a stormy altar of Qazlal.
  5239 | D:5      | Became a worshipper of Cheibriados the Contemplative
  5293 | D:6      | Reached skill level 1 in Fighting
  5293 | D:6      | Reached XP level 8. HP: 49/64 MP: 2/12
  5527 | D:6      | Found a glowing golden altar of the Shining One.
  5530 | D:6      | Noticed Grinder
  5535 | D:6      | Paralysed by Grinder for 2 turns
  5540 | D:6      | Killed Grinder
  5722 | D:6      | Noticed Duvessa
  5722 | D:6      | Noticed Dowan
  5752 | D:6      | Killed Duvessa
  5903 | D:6      | Noticed Eustachio
  5929 | D:6      | Killed Eustachio
  6048 | D:6      | Reached XP level 9. HP: 58/78 MP: 16/16
  6099 | D:6      | Reached skill level 5 in Spellcasting
  6200 | D:6      | Reached * piety under Cheibriados
  6214 | D:6      | Noticed Prince Ribbit
  6226 | D:6      | Killed Prince Ribbit
  6226 | D:6      | Reached skill level 5 in Conjurations
  6226 | D:6      | Reached skill level 1 in Invocations
  6297 | D:6      | Killed Dowan
  6568 | D:7      | Reached skill level 6 in Conjurations
  6577 | D:7      | Noticed Duffy's ghost (novice DgFE)
  6621 | D:7      | HP: 2/78 [Duffy's ghost (4)]
  6622 | D:7      | Mangled by Duffy's ghost

Vault maps used:
D:1:      shiori_arrival_maze
D:2:      lemuel_doored_altar, uniq_jessica
D:3:      minmay_rats_cheesy_pizza, uniq_iyjb
D:4:      lemuel_coloured_pillars_altar, first_bread
D:5:      old_standard_altar, portal_sewer_entry_b, tso_altar
D:6:      grunt_temple_overflow_open, uniq_eustachio, uniq_prince_ribbit1,
          uniq_grinder, uniq_duvessa
D:7:      nicolae_ossuary_entry_ruins

Skill      XL: |  1  2  3  4  5  6  7  8  9 |
---------------+----------------------------+-----
Conjurations   | 2 3 4 6 |  6.5
Maces & Flails | 1 2 4 |  4.8
Poison Magic   | 2 |  2.0
Air Magic      | 2 |  2.4
Translocations | 2 5 |  5.5
Fighting       | 1 3 4 |  4.1
Spellcasting   | 4 5 |  5.0
Invocations    | 4 |  4.5
Dodging        | |  1.5
Stealth        | |  3.0
Summonings     | |  1.0

Action                   |  1- 3 |  4- 6 |  7- 9 || total
-------------------------+-------+-------+-------++-------
Melee: Unarmed           |     3 |       |       ||     3
       Whip              |     4 |    20 |    55 ||    79
       Morningstar       |       |       |    21 ||    21
Throw: Throwing net      |       |       |     1 ||     1
 Cast: Magic Dart        |    72 |   215 |   285 ||   572
       Repel Missiles    |     1 |     1 |     1 ||     3
       Mephitic Cloud    |       |     1 |     4 ||     5
       Conjure Flame     |       |       |     3 ||     3
       Blink             |       |       |     1 ||     1
 Abil: Spit Poison       |       |     2 |     1 ||     3
Evoke: Wand              |       |       |     6 ||     6
  Use: Scroll            |     2 |     6 |     6 ||    14
       Potion            |       |       |     4 ||     4
 Stab: Confused          |       |       |     1 ||     1
  Eat: Chunk             |     1 |     7 |     2 ||    10
       Pizza             |       |       |     1 ||     1
       Bread ration      |       |       |     2 ||     2
Armor: Robe              |     1 |    13 |    65 ||    79
Dodge: Dodged            |     9 |    44 |    87 ||   140
       Deflected         |     1 |       |     4 ||     5
